Map: Ascension to Aiur LE

Players

LiquidTLO (TLO) - Winner!

  • Race: Zerg Zerg
  • Spawn Location: 11:00

Seither

  • Race: Terran Terran
  • Spawn Location: 5:00

Event: WCS Jonkoping 2017

VOD

Have the link to the VOD?

Description

Time

  • Played on: June 17, 2017, 2:05 p.m.
  • Length: 11:59

All games in this series

Show
View Real Time Build Order
Export as new Build Order

LiquidTLO Zerg - Winner!

Build Orders: Hatch First, Muta Ling Bane 

Get SALT Encoding   

  12  0:00  Drone  
  13  0:12  Overlord  
  13  0:17  Drone  
  14  0:30  Drone x2  
  14  0:34  Drone  
  17  0:53  Hatchery  
  17  0:55  Drone  
  17  1:10  Spawning Pool  
  16  1:12  Drone  
  16  1:15  Drone  
  18  1:21  Drone  
  18  1:22  Extractor  
  18  1:28  Drone  
  19  1:39  Overlord  
  19  1:56  Queen  
  19  1:57  Zergling x2  
  22  2:03  Zergling x2  
  22  2:04  Queen  
  22  2:05  Drone  
  26  2:11  Drone  
  27  2:19  Drone  
  28  2:23  Drone  
  29  2:32  Hatchery  
  29  2:35  Drone  
  29  2:41  Drone  
  30  2:44  Queen  
  30  2:49  Overlord  
  32  2:54  Metabolic Boost  
  32  2:58  Drone  
  32  3:00  Zergling x2  
  32  3:02  Zergling x2  
  34  3:06  Drone  
  34  3:07  Drone  
  34  3:10  Drone  
  34  3:11  Drone  
  38  3:14  Zergling x2  
  38  3:16  Zergling x2  
  40  3:27  Queen, Overlord  
  40  3:29  Drone  
  40  3:32  Drone  
  44  3:37  Overlord  
  44  3:44  Queen  
  44  3:45  Drone x2  
  44  3:47  Drone  
  49  3:49  Drone  
  49  3:53  Drone x2  
  49  3:54  Drone  
  52  3:57  Drone  
  52  4:01  Baneling Nest  
  52  4:02  Drone  
  53  4:09  Drone x4  
  57  4:10  Drone  
  57  4:15  Spore Crawler  
  57  4:17  Spore Crawler, Drone  
  58  4:19  Zergling x2  
  58  4:26  Drone  
  58  4:28  Zergling x2  
  60  4:36  Drone x6  
  66  4:39  Spore Crawler  
  66  4:40  Drone, Overlord  
  66  4:43  Overlord  
  66  4:45  Overlord  
  66  4:50  Evolution Chamber  
  65  4:53  Drone  
  65  4:57  Overlord  
  65  4:59  Drone  
  67  5:01  Zergling x2  
  67  5:03  Zergling x4  
  67  5:04  Zergling x2  
  67  5:06  Hatchery, Zergling x2  
  71  5:10  Drone  
  71  5:11  Evolution Chamber  
  71  5:13  Zergling x2  
  72  5:19  Zergling x2, Drone x2  
  75  5:21  Zergling x2  
  75  5:22  Zergling x2  
  75  5:23  Zergling x2, Overlord  
  75  5:25  Zerg Ground Armor Level 1  
  75  5:26  Drone  
  78  5:29  Drone  
  78  5:30  Zergling x2  
  78  5:33  Extractor  
  78  5:34  Drone x2  
  81  5:37  Extractor, Zerg Melee Weapons Level 1  
  81  5:38  Extractor  
  81  5:39  Drone  
  81  5:41  Drone x2  
  82  5:45  Drone x2  
  82  5:48  Extractor x2, Drone  
  82  5:49  Drone x2  
  85  5:52  Drone x2  
  85  5:55  Drone  
  88  5:57  Overlord  
  88  5:58  Zergling x2  
  88  6:03  Drone  
  88  6:04  Roach Warren  
  88  6:06  Zergling x2  
  88  6:07  Baneling x3  
  88  6:08  Baneling x2  
  88  6:09  Zergling x4  
  91  6:11  Zergling x2  
  91  6:15  Overlord  
  91  6:16  Zergling x2  
  91  6:17  Zergling x2  
  93  6:22  Lair  
  93  6:24  Overlord  
  93  6:26  Overlord  
  93  6:29  Drone  
  93  6:30  Drone x5  
  97  6:37  Drone x5  
  102  6:48  Zergling x14  
  102  6:50  Zergling x2  
  102  6:52  Zergling x2  
  102  6:53  Spore Crawler, Baneling x2  
  110  6:55  Zergling x2  
  110  6:56  Zergling x8  
  110  6:57  Spine Crawler  
  114  7:03  Queen  
  114  7:08  Zergling x6  
  119  7:17  Zergling x14  
  119  7:20  Centrifical Hooks  
  126  7:23  Spire, Drone  
  126  7:25  Zergling x10  
  126  7:29  Drone  
  132  7:30  Baneling x3  
  132  7:31  Baneling x3  
  132  7:36  Zerg Ground Armor Level 2  
  132  7:40  Zergling x2  
  132  7:42  Zerg Melee Weapons Level 2  
  132  7:43  Zergling x4  
  135  7:45  Zergling x2  
  135  7:54  Zergling x2  
  135  7:55  Baneling  
  135  7:56  Baneling x4  
  121  8:01  Zergling x8  
  121  8:02  Overlord  
  121  8:04  Zergling x4  
  121  8:05  Zergling x4  
  118  8:08  Zergling x10  
  118  8:10  Zergling x2  
  118  8:12  Zergling x2  
  118  8:14  Zergling x2  
  118  8:15  Zergling x2  
  118  8:16  Zergling x2  
  118  8:17  Zergling x2  
  118  8:19  Overlord  
  117  8:20  Baneling x2  
  117  8:21  Baneling x4, Overlord  
  117  8:24  Queen x2  
  118  8:27  Overlord  
  118  8:28  Zergling x2  
  118  8:33  Zergling x2  
  115  8:35  Zerg Flyer Weapons Level 1  
  115  8:36  Mutalisk x6  
  115  8:38  Mutalisk  
  115  8:40  Mutalisk  
  129  8:46  Queen, Mutalisk  
  133  8:49  Baneling x6  
  133  8:50  Zergling x2  
  133  8:51  Zergling x2, Baneling  
  133  8:53  Zergling x4  
  133  8:54  Overseer  
  136  8:55  Drone  
  136  8:56  Extractor, Zergling x2  
  136  8:59  Zergling x2  
  136  9:00  Zergling x2  
  136  9:01  Zergling x2  
  140  9:09  Zergling x6  
  143  9:11  Zergling x2  
  144  9:22  Zergling x2  
  144  9:23  Zergling x12  
  151  9:26  Overlord  
  151  9:29  Infestation Pit, Overlord  
  151  9:30  Zergling x2  
  151  9:38  Overlord  
  151  9:40  Overseer, Hatchery, Baneling x4  
  150  9:47  Baneling  
  150  9:48  Baneling x3  
  150  9:50  Zergling x2  
  150  9:52  Zergling x2  
  152  9:53  Zergling x2  
  152  9:55  Zergling x2  
  152  9:58  Zergling x2  
  152  9:59  Zergling x22  
  158  10:06  Zergling x2  
  149  10:08  Zergling x2  
  149  10:11  Zergling x4  
  147  10:18  Hive  
  147  10:21  Drone  
  147  10:22  Drone x2  
  147  10:24  Zergling x2  
  147  10:25  Zergling x12, Baneling  
  147  10:26  Baneling x7  
  147  10:27  Zergling x2  
  158  10:31  Zergling x2  
  158  10:38  Zergling x2  
  158  10:40  Zergling x2  
  158  10:41  Zergling x2  
  158  10:42  Zergling x2  
  162  10:43  Queen x2  
  162  10:44  Baneling x6  
  162  10:46  Baneling x6  
  162  10:47  Zergling x2  
  162  10:49  Zergling x2  
  168  10:50  Queen, Zergling x2  
  168  10:52  Zergling x4  
  168  10:53  Baneling  
  168  10:54  Baneling x5, Zergling x2  
  168  10:55  Zergling x4  
  168  10:56  Zergling x4  
  174  10:59  Zergling x2  
  174  11:00  Zergling x2  
  174  11:02  Baneling x4  
  174  11:04  Queen  
  171  11:05  Zergling x2  
  171  11:09  Zergling x2  
  173  11:11  Zergling x2  
  173  11:14  Zergling x2  
  173  11:16  Zergling x2  
  167  11:19  Queen x2, Zergling x2  
  167  11:24  Zergling x2  
  165  11:26  Zergling x2  
  165  11:27  Zergling x2  
  157  11:33  Zergling x4  
  157  11:35  Zergling x2  
  157  11:37  Zergling x2  
Show
View Real Time Build Order
Export as new Build Order

Seither Terran 

Build Orders: Hellion Opening, MMM Bio 

Get SALT Encoding   

  12  0:00  SCV  
  13  0:13  SCV  
  14  0:17  Supply Depot  
  14  0:25  SCV  
  15  0:38  SCV  
  15  0:41  Barracks  
  16  0:45  Refinery  
  16  0:50  SCV  
  17  1:02  SCV  
  18  1:15  SCV  
  19  1:28  Orbital Command, Marine  
  20  1:40  Command Center  
  20  1:46  Marine  
  21  1:53  Factory  
  21  1:58  SCV  
  22  2:06  Supply Depot  
  22  2:07  Barracks Reactor  
  22  2:11  SCV  
  23  2:17  Refinery  
  23  2:28  SCV  
  24  2:40  SCV  
  24  2:42  Starport  
  25  2:48  Hellion x2  
  25  2:51  Marine  
  30  2:52  SCV  
  31  3:00  Orbital Command  
  31  3:04  SCV  
  32  3:13  Hellion x2  
  32  3:16  Marine  
  32  3:19  Medivac  
  39  3:20  SCV  
  39  3:25  Supply Depot  
  40  3:29  SCV  
  40  3:32  SCV  
  42  3:38  Hellion x2  
  46  3:42  Barracks Tech Lab  
  46  3:46  SCV x2  
  48  3:49  Supply Depot  
  48  3:56  Viking  
  48  3:58  SCV x2  
  52  4:09  Stimpack, Marine  
  53  4:10  SCV  
  53  4:11  SCV  
  55  4:23  SCV x2  
  57  4:32  Command Center  
  57  4:35  SCV x2  
  57  4:37  Supply Depot  
  59  4:43  Factory Reactor  
  59  4:44  Barracks  
  59  4:46  Barracks  
  59  4:47  SCV  
  59  4:48  SCV  
  61  4:53  Supply Depot  
  61  4:57  Marine  
  61  4:58  Starport Reactor  
  61  4:59  SCV  
  63  5:03  SCV  
  63  5:04  Engineering Bay  
  63  5:06  Engineering Bay  
  64  5:11  SCV  
  65  5:14  Marine  
  66  5:22  Barracks  
  66  5:23  Barracks  
  66  5:24  Refinery  
  66  5:26  Refinery  
  66  5:27  SCV x2  
  68  5:34  Terran Infantry Armor Level 1, Factory Reactor, Terran Infantry Weapons Level 1  
  68  5:35  Marine  
  69  5:39  SCV x2  
  71  5:46  Orbital Command  
  71  5:47  Medivac  
  71  5:50  Medivac  
  71  5:52  SCV x2  
  75  5:57  Marine x2  
  77  6:04  SCV x2  
  77  6:06  Marine  
  77  6:07  Marine x2  
  82  6:11  Barracks Reactor, Orbital Command, Combat Shields  
  82  6:12  Barracks Reactor  
  82  6:16  SCV  
  83  6:20  Marine, Supply Depot  
  83  6:21  Marine, Supply Depot  
  83  6:22  Supply Depot  
  83  6:24  Marine  
  86  6:36  Marine x2  
  86  6:37  Medivac x2  
  86  6:38  Marine  
  93  6:41  Armory  
  93  6:42  SCV x3, Marine  
  93  6:46  Marine  
  98  6:54  Marine  
  98  6:55  Marine x5  
  98  6:56  Marine  
  98  6:57  SCV  
  98  6:58  SCV  
  98  6:59  Supply Depot  
  107  7:02  SCV, Supply Depot  
  107  7:03  Marine  
  107  7:04  Marine  
  107  7:06  Supply Depot  
  110  7:09  SCV  
  110  7:11  Marine  
  110  7:13  Marine, SCV  
  110  7:15  SCV  
  115  7:17  Marine x2  
  115  7:21  Marine x2  
  119  7:29  Terran Infantry Armor Level 2, Marine x2, Terran Infantry Weapons Level 2  
  119  7:30  Medivac x2  
  119  7:33  SCV, Supply Depot  
  119  7:34  SCV x2  
  119  7:35  Supply Depot  
  126  7:37  Marine x4  
  126  7:38  Marine x2  
  132  7:44  Marine  
  132  7:45  Widow Mine x2  
  132  7:46  SCV x2  
  132  7:47  Marine  
  140  7:55  Marine x2  
  118  8:08  Marine x2  
  118  8:09  SCV, Marine  
  118  8:10  Marine  
  112  8:13  Widow Mine x2  
  112  8:17  Marine x2  
  112  8:19  Marine  
  116  8:20  Marine x2  
  119  8:27  Medivac  
  119  8:28  Medivac  
  123  8:35  Marine x2, SCV x2  
  121  8:41  Marine x2  
  121  8:42  Widow Mine x2  
  121  8:44  Supply Depot  
  121  8:46  Supply Depot  
  121  8:47  SCV x2, Barracks x2  
  121  8:48  SCV  
  130  8:49  Barracks  
  130  8:52  Marine x2  
  132  8:58  Medivac x2  
  136  9:07  Command Center  
  136  9:08  Marauder, Marine x2  
  140  9:10  Widow Mine x2  
  140  9:12  Factory, Refinery, SCV x2  
  140  9:13  Refinery  
  146  9:21  Missile Turret  
  146  9:23  Missile Turret  
  141  9:24  Missile Turret  
  141  9:25  Marine  
  141  9:26  Marine  
  141  9:30  Marauder  
  143  9:33  Marine x3  
  143  9:36  Medivac x2  
  143  9:38  Barracks Reactor  
  148  9:39  Barracks Tech Lab, Widow Mine x2  
  148  9:42  Marine x2  
  148  9:43  Marine  
  156  9:48  Barracks Tech Lab  
  156  9:51  Marauder  
  157  9:53  Orbital Command  
  157  9:54  Marine x2  
  151  10:02  Marine x2  
  151  10:03  Marauder  
  146  10:12  Missile Turret  
  146  10:13  Marauder, Marine x2  
  149  10:21  Marine x2  
  149  10:22  Marauder  
  149  10:28  Marine x2  
  152  10:30  Factory Tech Lab  
  152  10:34  Marauder  
  152  10:37  Widow Mine x2  
  152  10:38  Marine  
  155  10:42  Marine  
  155  10:43  Marine x2  
  124  10:57  Marine x2  
  124  10:58  Marauder  
  124  11:01  Marine  
  124  11:02  Marine  
Tags
 
Add a new tag
Caveats
  • Supply blocks, unpowered buildings, or Contaminate may cause inaccurate times.
  • Supply counts are checked every 10 seconds.